 Dungeon Crawl Stone Soup version 0.29.0-11-gd7f09526c8 (webtiles) character file.

Game seed: 6924162191253923789

1611 Zonian the Trooper (level 8, -3/60 HPs)
             Began as a Demonspawn Gladiator on Sept 5, 2022.
             Was a Follower of Hepliaklqana.
             Slain by a black bear (4 damage)
             ... on level 6 of the Dungeon.
             The game lasted 00:11:50 (8839 turns).

Zonian the Trooper (Demonspawn Gladiator)           Turns: 8839, Time: 00:11:51

Health: -3/60      AC:  7    Str: 16    XL:     8   Next: 63%
Magic:  8/8        EV: 18    Int: 11    God:    Hepliaklqana [*.....]
Gold:   331        SH:  0    Dex: 14    Spells: 7/7 levels left

rFire   . . .      SeeInvis +   a - +0 trident
rCold   . . .      Faith    .   (no shield)
rNeg    . . .      Spirit   .   b - +0 leather armour
rPois   .          Reflect  .   c - +1 helmet
rElec   .          Harm     .   (no cloak)
rCorr   .          Rampage  .   (no gloves)
Will    .....                   (no boots)
Stlth   +.........              (no amulet)
HPRegen 0.20/turn               o - ring of see invisible
MPRegen 0.11/turn               G - ring of wizardry

@: agile
A: reduced essence, yellow scales 1, ignite blood 1, powered by pain 2, weakness
stinger 2
a: Renounce Religion, Recall Ancestor, Ancestor Identity


You were on level 6 of the Dungeon.
You worshipped Hepliaklqana.
Hepliaklqana was aware of your devotion.
You visited 1 branch of the dungeon, and saw 6 of its levels.

You collected 331 gold pieces.

Inventory:

Hand Weapons
 a - a +0 trident (weapon)
 l - a +0 sling
 D - a +0 rapier
Missiles
 v - a javelin (quivered)
 C - 2 curare-tipped darts
Armour
 b - a +0 leather armour (worn)
 c - a +1 helmet (worn)
 y - a +3 ring mail
Jewellery
 o - a ring of see invisible (left hand)
 G - a ring of wizardry (right hand)
Wands
 h - a wand of flame (16)
 A - a wand of iceblast (19)
 E - a wand of mindburst (11)
Scrolls
 m - a scroll of poison {unknown}
 n - 5 scrolls of teleportation
 p - a scroll of immolation {unknown}
 s - a scroll of enchant weapon {unknown}
 t - a scroll of butterflies {unknown}
 u - 3 scrolls of blinking
 x - a scroll of vulnerability {unknown}
 z - a scroll of torment {unknown}
Potions
 d - 2 potions of brilliance
 f - 2 potions of curing
 g - 2 potions of might
 i - 2 potions of cancellation
 j - a potion of ambrosia
 k - 3 potions of attraction
 r - a potion of heal wounds {unknown}
 w - a potion of degeneration {unknown}
 F - a potion of flight {unknown}


   Skills:
 + Level 7.3 Fighting
 + Level 7.0 Polearms
 - Level 2.4 Throwing
 - Level 4.6 Dodging


You had 7 spell levels left.
You didn't know any spells.
Your spell library contained the following spells:

 Spells                   Type           Power      Damage    Failure   Level
 Foxfire                  Conj/Fire      0%         2x1d4     17%         1
 Slow                     Hex            0%         N/A       17%         1
 Ensorcelled Hibernation  Hex/Ice        0%         N/A       26%         2
 Passwall                 Tmut/Erth      0%         N/A       26%         2
 Static Discharge         Conj/Air       0%         3-3/arc   26%         2
 Confusing Touch          Hex            0%         N/A       45%         3
 Conjure Flame            Conj/Fire      0%         6-21      45%         3
 Inner Flame              Hex/Fire       0%         N/A       45%         3
 Stone Arrow              Conj/Erth      0%         3d7       45%         3
 Swiftness                Air            0%         N/A       45%         3
 Vampiric Draining        Necr           0%         2d6       45%         3
 Animate Armour           Summ/Erth      0%         N/A       83%         4
 Dispel Undead            Necr           0%         3d6       83%         4
 Flame Wave               Conj/Fire      0%         2d4       83%         4
 Sticky Flame             Conj/Fire      0%         2d3       83%         4
 Lehudib's Crystal Spear  Conj/Erth      0%         10d2      100%        8


Dungeon Overview and Level Annotations

Branches:
Dungeon (6/15)             Temple (0/1) D:5

Altars:
Hepliaklqana
Makhleb
Ru
Sif Muna
Vehumet

Annotations:
D:3 1 runed translucent door, pigah's ghost, amateur OpAE


Innate Abilities, Weirdness & Mutations

Your life essence is reduced to manifest your ancestor. (-10% HP)
You are partially covered in yellow scales. (AC +2)
Your demonic aura sometimes causes spilled blood to erupt in flames.
You sometimes gain power by taking damage.
You have a tail ending in a sharp stinger.


Message History

You strike the helpless steam dragon from behind!
You hit the steam dragon but do no damage.
The steam dragon is almost dead.
You are engulfed in a cloud of scalding steam.
The steam dragon struggles against the net.
The net rips apart, and the steam dragon comes free!
You hit the steam dragon but do no damage.
The steam dragon is almost dead.
The steam dragon breathes steam at you. The ball of steam misses you.
You hit the steam dragon but do no damage.
The steam dragon is almost dead.
You are engulfed in a cloud of scalding steam.
* * * LOW HITPOINT WARNING * * *
The steam dragon closely misses you.
The steam dragon claws you but does no damage.
You puncture the steam dragon!
You kill the steam dragon!
You are engulfed in a cloud of scalding steam.
* * * LOW HITPOINT WARNING * * *
Your Polearms skill increases to level 7!
Unknown command.
Okay, then.
Okay, then.
Throw: 3 darts (curare)
Press: ? - help, Shift-Dir - straight line, f - black bear
Aim: a black bear (70% to hit)
You throw a curare-tipped dart.
The curare-tipped dart hits the black bear.
The black bear is poisoned.
The black bear convulses.
The black bear seems to slow down.
The black bear is moderately wounded.
You are engulfed in a cloud of scalding steam.
* * * LOW HITPOINT WARNING * * *
You hit the black bear.
The black bear is heavily wounded.
You are engulfed in a cloud of scalding steam.
* * * LOW HITPOINT WARNING * * *
The black bear misses you. The black bear claws you.
You die...

# #.. # #.####.### #
#.#...... #
###########.#.##.##.#
#.........#.#.#...#.#
#..?............_...[
#.........#.#.#.ยง.#.
#.........#.#.##.##.#
#.........#.#...@...#
..........#.####h####
#.........#.. ....
####)######## ##.###
#.# ... #.# ... #.#
.... #.##########.(..
#.........#


You could see a black bear (very poisoned, slow).

Vanquished Creatures
  Grinder (D:3)
  A steam dragon (D:6)
  An ogre (D:6)
  A centaur (D:6)
  3 phantoms
  3 scorpions
  4 wights (D:6)
  A jelly (D:6)
  3 orc priests (D:5)
  A hound (D:5)
  Natasha (thrice) (D:3)
  2 iguanas
  3 orc wizards
  A gnoll (D:1)
  7 adders
  2 shadow imps
  3 ufetubi
  A worm (D:4)
  3 dart slugs
  9 orcs
  6 bats
  7 endoplasms
  A giant cockroach (D:1)
  9 goblins
  2 hobgoblins
  3 kobolds
  5 quokkas
  9 ball pythons
  10 frilled lizards
  3 rats
108 creatures vanquished.

Vanquished Creatures (others)
  An ancestor (D:6)
  7 plants (D:4)
8 creatures vanquished.

Grand Total: 116 creatures vanquished

Notes
Turn   | Place    | Note
-------+----------+-------------------------------------------
     0 | D:1      | Zonian the Demonspawn Gladiator began the quest for the
                  | Orb.
     0 | D:1      | Reached XP level 1. HP: 16/16 MP: 1/1
    48 | D:1      | Gained mutation: You have a small tail. [demonic ancestry]
    48 | D:1      | Reached XP level 2. HP: 12/22 MP: 2/2
   452 | D:1      | Found a faded altar of an unknown god.
  1254 | D:1      | Gained mutation: You sometimes gain a little power by
                  | taking damage. [demonic ancestry]
  1254 | D:1      | Reached XP level 3. HP: 28/28 MP: 3/3
  2452 | D:2      | Gained mutation: Your demonic aura sometimes causes spilled
                  | blood to erupt in flames. [demonic ancestry]
  2452 | D:2      | Reached XP level 4. HP: 20/34 MP: 4/4
  3079 | D:3      | Found a runed translucent door.
  3086 | D:3      | Noticed Natasha
  3088 | D:3      | Noticed pigah's ghost (amateur OpAE)
  3098 | D:3      | Killed Natasha
  3249 | D:3      | Noticed Natasha
  3259 | D:3      | Killed Natasha
  3260 | D:3      | Reached XP level 5. HP: 3/41 MP: 5/5
  3576 | D:3      | Noticed Grinder
  3599 | D:3      | Paralysed by Grinder for 3 turns
  3605 | D:3      | Killed Grinder
  3606 | D:3      | Gained mutation: You have a tail ending in a sharp stinger.
                  | [demonic ancestry]
  3606 | D:3      | Reached XP level 6. HP: 26/48 MP: 6/6
  4309 | D:3      | Noticed Natasha
  4332 | D:3      | Killed Natasha
  5474 | D:4      | Gained mutation: You sometimes gain power by taking damage.
                  | [demonic ancestry]
  5474 | D:4      | Reached XP level 7. HP: 36/55 MP: 7/7
  6290 | D:5      | Entered Level 5 of the Dungeon
  6341 | D:5      | Found a shimmering blue altar of Sif Muna.
  6344 | D:5      | Found a radiant altar of Vehumet.
  6350 | D:5      | Found a hazy altar of Hepliaklqana.
  6353 | D:5      | Found a burning altar of Makhleb.
  6359 | D:5      | Became a worshipper of Hepliaklqana the Forgotten
  6395 | D:5      | Reached skill level 5 in Fighting
  6395 | D:5      | Reached skill level 5 in Polearms
  7638 | D:5      | Found a staircase to the Ecumenical Temple.
  8235 | D:6      | Gained mutation: You are partially covered in yellow
                  | scales. (AC +2) [demonic ancestry]
  8235 | D:6      | Reached XP level 8. HP: 57/64 MP: 8/8
  8805 | D:6      | Found a sacrificial altar of Ru.
  8813 | D:6      | Reached * piety under Hepliaklqana
  8839 | D:6      | HP: 1/60 [something (6)]
  8839 | D:6      | Slain by a black bear

Illustrated notes

Levels and vault maps discovered:
D:1:      nzn_arrival_water_spiral, layout_basic,
          shapermc_ecumenical_altar_mp_urbaneastern
D:2:      layout_rooms, minmay_split_cup_small
D:3:      layout_loops_cross, ebering_ghost_sewer_d, amethyst_killhole,
          uniq_grinder, uniq_natasha
D:4:      layout_loops_cross, minmay_lizard_king
D:5:      layout_basic, grunt_temple_overflow_cloverleaf,
          minmay_temple_entry_junction_2
D:6:      layout_basic, nicolae_ru_sacrificial_ziggurat, hex_tiny

Skill      XL: |  1  2  3  4  5  6  7  8 |
---------------+-------------------------+-----
Throwing       | 2 |  2.4
Polearms       | 3 4 5 7 |  7.0
Dodging        | 3 4 |  4.6
Fighting       | 3 4 6 7 |  7.3

Action                   |  1- 3 |  4- 6 |  7- 9 || total
-------------------------+-------+-------+-------++-------
Melee: Trident           |   113 |   103 |   216 ||   432
       Tailslap          |     4 |    11 |    31 ||    46
       Punch             |     1 |     2 |     2 ||     5
Throw: Throwing net      |     2 |     8 |     3 ||    13
       Javelin           |       |     2 |       ||     2
       Dart              |       |       |     3 ||     3
  Use: Potion            |       |     2 |       ||     2
       Scroll            |       |     6 |     4 ||    10
 Stab: Held in net/web   |     2 |       |     4 ||     6
       Sleeping          |     1 |     1 |     1 ||     3
       Distracted        |       |     1 |     1 ||     2
Armor: Leather armour    |    43 |    10 |    36 ||    89
Dodge: Dodged            |    68 |    48 |   105 ||   221
